 Dungeon Crawl Stone Soup version 0.29.1-12-g30fa7ad0bf (webtiles) character file.

Game seed: 11785648456642058881

2662 FexLirch the Thaumaturge (level 9, -4/59 HPs)
             Began as a Mummy Necromancer on Jan 15, 2023.
             Was a Believer of Cheibriados.
             Slain by a death yak (17 damage)
             ... on level 9 of the Dungeon.
             The game lasted 00:19:10 (7401 turns).

FexLirch the Thaumaturge (Mummy Necromancer)        Turns: 7401, Time: 00:19:11

Health: -4/59      AC:  5    Str: 18    XL:     9   Next: 36%
Magic:  32/32      EV: 27    Int: 24    God:    Cheibriados [**....]
Gold:   481        SH:  0    Dex: 18    Spells: 16/29 levels left

rFire   x . .      SeeInvis .   a - +1 whip (flame)
rCold   + . .      Faith    .   (no shield)
rNeg    + + +      Spirit   .   e - +0 leather armour
rPois   ∞          Reflect  .   (no helmet)
rElec   .          Harm     .   (no cloak)
rCorr   .          Rampage  .   p - +1 pair of gloves
Will    ++...                   (no boots)
Stlth   ++........              v - amulet of the acrobat
HPRegen 0.19/turn               h - ring of willpower
MPRegen 0.23/turn               n - ring of magical power

@: acrobatic, slowed, very slow
A: cold resistance 1, negative energy resistance 3, torment resistance 2, heat
vulnerability 1, in touch with death 1, no potions
a: Renounce Religion, Bend Time


You were on level 9 of the Dungeon.
You worshipped Cheibriados.
Cheibriados was pleased with you.
You visited 1 branch of the dungeon, and saw 9 of its levels.

You collected 481 gold pieces.

Inventory:

Hand Weapons
 a - a +1 whip of flaming (weapon)
 d - a +0 whip
 m - a +2 dagger of venom
Armour
 e - a +0 leather armour (worn)
 g - a +1 robe of positive energy
 p - a +1 pair of gloves (worn)
Jewellery
 h - a ring of willpower (left hand)
 k - a ring of protection from cold
 n - a ring of magical power (right hand)
 v - an amulet of the acrobat (around neck)
 w - an amulet of guardian spirit
Wands
 j - a wand of flame (41)
 u - a wand of charming (30)
 A - a wand of polymorph (13)
Scrolls
 b - a scroll of fear {unknown}
 c - 3 scrolls of blinking
 f - 4 scrolls of immolation
 i - a scroll of brand weapon {unknown}
 l - 2 scrolls of enchant weapon
 o - 2 scrolls of vulnerability
 q - a scroll of summoning
 r - 2 scrolls of amnesia
 s - a scroll of poison
 t - 2 scrolls of teleportation
 x - a scroll of enchant armour {unknown}
 z - 2 scrolls of noise
 B - a scroll of magic mapping


   Skills:
 + Level 1.4 Fighting
 + Level 1.1 Maces & Flails
 + Level 2.1 Dodging
 - Level 1.5 Stealth
 + Level 10.9 Spellcasting
 + Level 9.7 Necromancy
 + Level 0.0 Invocations


You had 16 spell levels left.
You knew the following spells:

 Your Spells              Type           Power      Damage    Failure   Level
a - Necrotise             Necr           100%       1d9       1%          1
b - Vampiric Draining     Necr           74%        2d11      1%          3
c - Animate Dead          Necr           74%        N/A       1%          4
d - Agony                 Necr           74%        N/A       3%          5

Your spell library contained the following spells:

 Spells                   Type           Power      Damage    Failure   Level
 Apportation              Tloc           26%        N/A       6%          1
 Sandblast                Erth           26%        2d8       6%          1
 Passwall                 Tmut/Erth      10%        N/A       9%          2
 Dazzling Flash           Conj/Hex       26%        N/A       17%         3
 Stone Arrow              Conj/Erth      26%        3d8       17%         3
 Iskenderun's Mystic Bla  Conj/Tloc      13%        2d5       50%         4
 Alistair's Intoxication  Tmut/Pois      8%         N/A       85%         5
 Starburst                Conj/Fire      6%         6d4       100%        6


Dungeon Overview and Level Annotations

Branches:
Dungeon (9/15)             Temple (0/1) D:6
   Lair: D:8-11         Orc: D:9-12

Altars:
Cheibriados
Nemelex Xobeh
Uskayaw
Wu Jian
Xom

Annotations:
D:7 2 transporters, FexLirch's ghost, novice DgAE


Innate Abilities, Weirdness & Mutations

You are immune to poison.
Your flesh is cold resistant. (rC+)
You are immune to negative energy. (rN+++)
You are immune to unholy pain and torment.
You are vulnerable to heat. (rF-)
You are in touch with the powers of death.
You do not drink.


Message History

You swap places.
You see here a +0 ring mail.
Done exploring.
Okay, then.
Unknown command.
Unknown command.
Unknown command.
Done exploring.
There is a stone staircase leading down here.
You climb downwards.
Your mindless puppet stays behind to rot.
There is a stone staircase leading up here.
You now have 481 gold pieces (gained 12).
Found a stone staircase leading down.
There is a stone staircase leading down here.
You open the door.
A wraith comes into view.
A wraith is nearby!
You can't see any susceptible monsters within range! (Use Z to cast anyway.)
Okay, then.
Unknown command.
There is an open door here.
There's a creature in the doorway!
The wraith attacks as you move away! The wraith hits you!
The wraith drains your vigour!
You feel yourself slow down.
The death yak bellows!
You hear a bellow! x4
A death yak comes into view.
The wraith misses you. The wraith closely misses you.
The wraith attacks as you move away! The wraith barely misses you.
The wraith misses you. The death yak attacks as you move away!
The death yak completely misses you. x2
The wraith attacks as you move away! The wraith completely misses you.
The death yak attacks as you move away! The death yak gores you!
The death yak barely misses you. The wraith completely misses you.
A death yak comes into view.
The death yak gores you!!
* * * LOW HITPOINT WARNING * * *
The wraith hits you but does no damage. The death yak attacks as you move away!
The death yak gores you!
You die...

.. # .. #.....# #### ...
#.....######## #...
....#............# #.##
. ..#.......~~~..####.##
.. .'........~~......>..
..~ #...................
....#...................
.......@##..........~~~.
......WY###'#####..~~≈~~
.##....Y##..# #...≈~~.
#........## #...≈≈..
#......### #.......
....$....# .....
.....Y...####
............#
............#


You could see 3 death yaks and a wraith.

Vanquished Creatures
  Pikel (D:6)
  A steam dragon (D:8)
  Edmund (D:5)
  3 black bears
  2 sky beasts (D:7)
  2 orc warriors
  An ogre (D:5)
  A centaur (D:5)
  A kobold brigand (D:7)
  3 scorpions
  5 killer bees (D:7)
  2 orc priests
  Ijyb (D:5)
  3 iguanas
  8 orc wizards
  6 adders
  A shadow imp (D:7)
  3 worms
  3 dart slugs
  14 orcs
  6 ball pythons
  6 endoplasms
  5 giant cockroaches
  8 goblins
  10 hobgoblins
  3 jackals (D:1)
  12 kobolds
  3 quokkas (D:3)
  5 bats
  2 frilled lizards
  6 rats
128 creatures vanquished.

Vanquished Creatures (collateral kills)
  An ogre (D:6)
  A bullfrog (D:8)
  A jelly (D:5)
  3 adders (D:6)
  3 orcs
  A bat (D:1)
  An endoplasm (D:5)
  A rat (D:3)
12 creatures vanquished.

Vanquished Creatures (others)
  A bullfrog zombie (D:8)
  3 killer bee zombies (D:7)
  3 kobold zombies
  7 orc zombies
14 creatures vanquished.

Grand Total: 154 creatures vanquished

Notes
Turn   | Place    | Note
-------+----------+-------------------------------------------
     0 | D:1      | FexLirch the Mummy Necromancer began the quest for the Orb.
     0 | D:1      | Reached XP level 1. HP: 13/13 MP: 4/4
   236 | D:1      | Reached skill level 3 in Spellcasting
   280 | D:1      | Reached XP level 2. HP: 19/19 MP: 3/6
   734 | D:1      | Found a faded altar of an unknown god.
  1151 | D:2      | Gained mutation: You are in touch with the powers of death.
                  | [Mummy growth]
  1151 | D:2      | Reached XP level 3. HP: 23/24 MP: 0/8
  1337 | D:2      | Reached skill level 4 in Spellcasting
  2092 | D:3      | Learned a level 3 spell: Vampiric Draining
  2221 | D:3      | Reached XP level 4. HP: 30/30 MP: 6/10
  2453 | D:3      | Reached skill level 5 in Necromancy
  2892 | D:3      | Found a snail-covered altar of Cheibriados.
  2919 | D:3      | Became a worshipper of Cheibriados the Contemplative
  3045 | D:3      | Found a shimmering altar of Xom.
  3463 | D:4      | Noticed a scorpion
  3483 | D:4      | Killed a scorpion
  3484 | D:4      | Reached skill level 5 in Spellcasting
  3484 | D:4      | Reached XP level 5. HP: 33/35 MP: 8/12
  3489 | D:4      | Learned a level 4 spell: Animate Dead
  3495 | D:4      | Learned a level 5 spell: Agony
  3742 | D:5      | Entered Level 5 of the Dungeon
  3742 | D:5      | Noticed a centaur
  3749 | D:5      | Killed a centaur
  3757 | D:5      | Reached XP level 6. HP: 41/41 MP: 14/14
  3794 | D:5      | Noticed Edmund
  3813 | D:5      | Reached skill level 6 in Spellcasting
  3895 | D:5      | Reached skill level 7 in Spellcasting
  3895 | D:5      | Reached XP level 7. HP: 41/46 MP: 16/17
  3896 | D:5      | Found a sparkling altar of Nemelex Xobeh.
  3901 | D:5      | Reached * piety under Cheibriados
  4282 | D:5      | Noticed Ijyb
  4289 | D:5      | Killed Ijyb
  4332 | D:5      | Killed Edmund
  4615 | D:6      | Found a staircase to the Ecumenical Temple.
  4789 | D:6      | Reached skill level 8 in Spellcasting
  4859 | D:6      | Noticed Pikel
  4870 | D:6      | Killed Pikel
  4871 | D:6      | Reached skill level 9 in Spellcasting
  4871 | D:6      | Reached XP level 8. HP: 32/52 MP: 17/21
  5630 | D:8      | Noticed a four-headed hydra
  5894 | D:7      | Found a transporter.
  5894 | D:7      | Noticed FexLirch's ghost (novice DgAE)
  5895 | D:7      | Identified the +11 dire flail "Dragonslayer" {drain,
                  | Fragile Fly Int+4 Dex+8}
  5895 | D:7      | Identified the +7 great mace of Disintegration {pain,
                  | Str+4}
  5895 | D:7      | Noticed a two-headed ogre
  5936 | D:7      | Reached skill level 10 in Spellcasting
  6035 | D:7      | Found a hide-covered altar of Uskayaw.
  6257 | D:7      | Found an ornate altar of the Wu Jian Council.
  6281 | D:7      | Reached ** piety under Cheibriados
  6282 | D:7      | Reached XP level 9. HP: 51/57 MP: 13/23
  6549 | D:7      | Found a transporter.
  6720 | D:9      | Noticed a death yak
  6927 | D:8      | Reached skill level 1 in Fighting
  6939 | D:8      | Reached skill level 1 in Maces & Flails
  7397 | D:9      | Noticed a death yak
  7400 | D:9      | Noticed a death yak
  7401 | D:9      | Slain by a death yak

Illustrated notes

Levels and vault maps discovered:
D:1:      psy_arrival_statuary, layout_loops_corners,
          hellmonk_ecumenical_altar_dog_temple, serial_forest,
          infiniplex_forest_clump_medium, infiniplex_forest_lined_3,
          infiniplex_forest_lined_2, infiniplex_forest_clump_cross,
          infiniplex_forest_lined_room_3, infiniplex_forest_clump_diagonal,
          infiniplex_forest_clump_small, infiniplex_forest_straight_4
D:2:      layout_basic
D:3:      kb_forest_paths, layout_basic, mainiacjoe_overflow_paths,
          mainiacjoe_overflow_tiny_flanked, tgw_xom
D:4:      layout_rooms
D:5:      layout_cave_pools, nemelex_dance_club_becter, nicolae_sextant,
          uniq_ijyb, uniq_edmund
D:6:      layout_loops_corners, minmay_temple_entry_stoned_glass, uniq_pikel
D:7:      layout_loops_ring, nicolae_wu_jian_wuxing_cycle,
          nicolae_uskayaw_suspiria, gammafunk_ghost_smash,
          chequers_serial_rivers_large_a
D:8:      layout_basic
D:9:      layout_basic, kennysheep_mini_moat, dpeg_lair_monsters,
          hangedman_decor_points

Skill      XL: |  1  2  3  4  5  6  7  8  9 |
---------------+----------------------------+-----
Spellcasting   | 3 4 5 7 9 10 | 10.9
Necromancy     | 5 6 8 9 |  9.7
Fighting       | 1 |  1.4
Maces & Flails | 1 |  1.1
Dodging        | 2 |  2.1
Stealth        | |  1.5

Action                   |  1- 3 |  4- 6 |  7- 9 || total
-------------------------+-------+-------+-------++-------
Melee: Whip              |    16 |       |    17 ||    33
       Dagger            |       |    18 |    64 ||    82
 Cast: Necrotise         |    79 |    88 |    66 ||   233
       Vampiric Draining |       |     1 |    31 ||    32
       Animate Dead      |       |       |     5 ||     5
       Agony             |       |       |     1 ||     1
  Use: Scroll            |     1 |       |     9 ||    10
 Stab: Sleeping          |     1 |     1 |       ||     2
       Distracted        |       |       |     1 ||     1
Armor: Leather armour    |    12 |    24 |    23 ||    59
Dodge: Dodged            |    22 |    34 |    86 ||   142
